 Dungeon Crawl Stone Soup version 0.18-a0-1521-g59d19af (webtiles) character file.

250846 Gorice the Tortoise (level 18, -3/164 HPs)
             Began as a Demonspawn Abyssal Knight on Mar 6, 2016.
             Was the Champion of Lugonu.
             Splashed by a deep elf sorcerer's acid (11 damage)
             ... led by an ironheart preserver
             ... on level 13 of the Dungeon on Mar 7, 2016.
             The game lasted 04:14:20 (46301 turns).

Gorice the Tortoise (Demonspawn Abyssal Knight)    Turns: 46301, Time: 04:14:20

Health: -3/164     AC: 32    Str: 18    XL:     18   Next: 92%
Magic:  25/25      EV: 12    Int: 14    God:    Lugonu [******]
Gold:   1814       SH:  0    Dex: 12    Spells: 0 memorised, 17 levels left

rFire  + . .     SeeInvis +     a - +1 great sword (freeze)
rCold  . . .     Gourm    .     P - +1 plate armour {rPois}
rNeg   + . .     Faith    .     (shield currently unavailable)
rPois  +         Spirit   .     O - +2 helmet {SInv}
rElec  .         Dismiss  .     I - +0 cloak
rCorr  .         Reflect  .     u - +0 pair of gloves
SustAt .         Harm     .     (boots unavailable)
MR     ++...                    q - amulet of Vitality {Regen+ HP+15}
Stlth  ..........               H - ring of positive energy
                                R - ring of protection from magic

@: about to teleport, corroded equipment, very resistant to hostile
enchantments, extremely unstealthy
A: talons 3, rough black scales 3, fire resistance 1, poison resistance, powered
by death 2, sturdy frame 1
a: Depart the Abyss, Bend Space, Banish, Corrupt, Enter the Abyss, Brand Weapon
With Distortion, Renounce Religion
}: 2/15 runes: decaying, serpentine


You were on level 13 of the Dungeon.
You worshipped Lugonu.
Lugonu was exalted by your worship.
You were not hungry.

You visited 6 branches of the dungeon, and saw 34 of its levels.
You visited the Abyss 1 time.
You also visited: Ice Cave and Volcano.

You collected 3201 gold pieces.
You spent 1387 gold pieces at shops.

Inventory:

Hand Weapons
 a - a +1 great sword of freezing (weapon)
   (You found it in an ice cave)
 b - the +3 hand crossbow "Giant's Demise" {elec, +Blink rC+}
   (You found it on level 3 of the Snake Pit)

   It charges the ammunition it shoots with electricity; occasionally upon a
   hit, such missiles may discharge and cause terrible harm.
   It protects you from cold.
   It lets you blink.
 p - a +3 great sword of protection
   (You found it in an ice cave)
Missiles
 j - 91 bolts
 l - 33 steel bolts
 Y - 2 throwing nets (quivered)
Armour
 u - a +0 pair of gloves (worn)
 I - a +0 cloak (worn)
 O - a +2 helmet of see invisible (worn)
   (You bought it in a shop on level 2 of the Orcish Mines)
 P - a +1 plate armour of poison resistance (worn)
   (You took it off an orc warrior on level 2 of the Orcish Mines)
Jewellery
 o - an uncursed ring of protection from cold
 q - the amulet of Vitality (around neck) {Regen+ HP+15}
   (You bought it in a shop on level 2 of the Orcish Mines)

   [amulet of regeneration]

   It affects your health (+15).
   It increases your rate of regeneration.
 s - an uncursed ring of flight
 H - a ring of positive energy (right hand)
 J - an uncursed ring of positive energy
 R - a ring of protection from magic (left hand)
 V - an uncursed ring of protection from fire
Wands
 e - a wand of digging (11/24)
 r - a wand of hasting (6/9) {!d}
 v - a wand of iceblast (4/15)
 A - a wand of acid (5/15)
 G - a wand of enslavement (3/24)
 L - a wand of teleportation (8/9) {!d}
Scrolls
 d - 8 scrolls of identify
 g - 2 scrolls of fear {!r}
 t - 3 scrolls of magic mapping {!r}
 y - a scroll of fog
 C - 11 scrolls of remove curse
 N - a scroll of blinking
Potions
 h - 6 potions of resistance {!q}
 n - a potion of heal wounds {!q}
 w - 2 potions of cancellation {!q}
 x - 2 potions of might {!q}
 z - a potion of agility {!q}
 Q - 10 potions of curing
 U - a potion of haste {!q}
 W - a potion of ambrosia {!q}
Miscellaneous
 T - a box of beasts
Comestibles
 c - 3 chunks of flesh
 i - 10 meat rations {!e}
 m - 44 fruits


   Skills:
 - Level 15.0 Fighting
 - Level 18.0 Long Blades
 - Level 18.0 Armour
 + Level 11.4 Dodging
 + Level 6.7 Invocations
 - Level 10.0 Evocations


You had 17 spell levels left.
You didn't know any spells.

Dungeon Overview and Level Annotations

Branches:
Dungeon (15/15)              Lair (8/8) D:9           Swamp (4/4) Lair:4
  Snake (4/4) Lair:5        Slime (0/6) Lair:8          Orc (2/2) D:11
    Elf (0/3) Orc:2        Vaults (1/5) D:13         Depths (0/5) D:15
 Temple: D:4-7

Altars:
Ashenzari
Cheibriados
Elyvilon
Makhleb
Nemelex Xobeh
Okawaru
Pakellas
Qazlal
Sif Muna
Xom
The Shining One

Shops:
D:4 *   D:7 [   D:14 *   Orc:2 =[!*

Portals:
Hell: Lair:8

Annotations:
D:4 exclusion: oklob sapling
Snake:1 exclusion: Roxanne, Roxanne


Innate Abilities, Weirdness & Mutations

You have claws for feet.
You are completely covered in rough black scales (AC +10, Dex -3).
Your flesh is heat resistant.
You regenerate health from kills.
Your system is resistant to poisons.
Your movements are slightly less encumbered by armour (ER -2).


Message History

You feel sick.
The deep elf annihilator gestures wildly while chanting.
The deep elf annihilator blinks!
The deep elf annihilator casts a spell at you.
The crystal spear hits you!
* * * LOW HITPOINT WARNING * * *
Damage: 49 (max 49) Drink which item? (? for menu, Esc to quit)
Really quaff
n - 2 potions of heal wounds {!q}?
You feel much better.
The deep elf annihilator hits you with a short sword.
* * * LOW HITPOINT WARNING * * *
The deep elf sorcerer hits you but does no damage.
Unknown command.
Read which item? (? for menu, Esc to quit)
Really read
g - 3 scrolls of fear {!r}?
As you read the scroll of fear {!r}, it crumbles to dust.
You assume a fearsome visage.
The deep elf sorcerer looks frightened!
The deep elf annihilator resists with almost no effort.
The deep elf sorcerer gestures at you while chanting.
You resist with almost no effort.
The deep elf annihilator closely misses you.
Cornered, the deep elf sorcerer turns to fight!
The deep elf sorcerer casts a spell at you.
You resist with almost no effort.
Unknown command.
Unknown command.
Read which item? (? for menu, Esc to quit)
Really read
E - a scroll of teleportation {!r}?
As you read the scroll of teleportation {!r}, it crumbles to dust.
You feel strangely unstable.
You feel sick.
The deep elf annihilator hits you with a short sword.
* * * LOW HITPOINT WARNING * * *
The deep elf sorcerer hits you but does no damage.
Damage: 3 (max 49) Unknown command.
The deep elf sorcerer gestures at you while chanting.
The bolt of acid hits you!
* * * LOW HITPOINT WARNING * * *
The acid burns!
* * * LOW HITPOINT WARNING * * *
The deep elf sorcerer hits you but does no damage.
Damage: 15 (max 49) Drink which item? (? for menu, Esc to quit)
You feel better. The deep elf annihilator misses you.
The deep elf sorcerer casts a spell at you.
The bolt of acid hits you!
* * * LOW HITPOINT WARNING * * *
The acid corrodes you!
The acid burns!
You die...

###################
#.................#
##...##..@e...##...##
#...####..e..####...#
#..## ##...## ##..#
#..## ###)### ##..#
#...####.....####...#
#....##.#...#.##....#
#.....#..[....#.....#
#.....'...∩...[.....#
#.....#.......#.....#


You could see a deep elf annihilator and a deep elf sorcerer.

Vanquished Creatures
  Rupert (D:12)
  Frances (Snake:1)
  Gastronok (Lair:2)
  5 thorn hunters
  10 greater nagas
  A frost giant (IceCv)
  Aizul (Swamp:3)
  Maud (D:12)
  An ironheart preserver (D:13)
  A deep elf demonologist (D:13)
  A dire elephant (Lair:8)
  Snorg (D:12)
  4 vault guards (D:13)
  19 naga warriors
  23 hydras
  2 ice dragons (D:15)
  Harold (D:12)
  2 ogre magi (Orc:2)
  8 anacondas
  3 catoblepae
  A ghost crab (Swamp:3)
  Erica (Lair:2)
  A queen ant (Lair:6)
  A centaur warrior (D:15)
  4 death yaks
  11 alligators
  A tengu warrior (D:15)
  An orc high priest (Orc:1)
  4 shock serpents
  A sun demon (Lair:8)
  13 naga sharpshooters
  The ghost of pedritolo the Transmogrifier, a journeyman VSTm of Okawaru (Orc:1)
  Urug (D:10)
  A fire crab (shapeshifter) (D:13)
  An iron troll (Orc:2)
  3 salamander mystics
  3 sea snakes (Snake:1)
  A giant orange brain (D:13)
  An unseen horror (D:13)
  A wizard (Lair:8)
  2 spriggan druids (Swamp:4)
  8 swamp dragons (Swamp:4)
  A deep troll (Orc:2)
  A shambling mangrove (Swamp:4)
  Pikel (D:6)
  8 naga ritualists
  7 hill giants
  A wolf spider zombie (D:14)
  The ghost of Feta the Shield-Bearer, a novice FoFi of Cheibriados (D:6)
  An orc knight (Orc:2)
  12 mana vipers
  3 griffons
  2 manticores
  4 cyclopes
  2 orc sorcerers
  10 ugly things
  2 hornets
  12 salamanders
  A deep elf mage (D:15)
  15 slime creatures
  4 elephants (Lair:7)
  40 black mambas
  14 naga magi
  2 guardian serpents (Snake:3)
  2 ice statues
  2 gargoyles
  3 centaur skeletons
  26 spiny frogs
  A smoke demon (Lair:8)
  A torpor snail (Lair:5)
  5 orange demons (Lair:8)
  A komodo dragon (shapeshifter) (D:15)
  2 kobold demonologists
  4 rime drakes
  7 komodo dragons
  A hellwing (Lair:8)
  2 red devils (Lair:8)
  2 ice devils (Lair:8)
  15 polar bears
  19 trolls
  5 giant leeches
  A wolf spider simulacrum (D:15)
  10 two-headed ogres
  A blink frog (shapeshifter) (D:15)
  33 blink frogs
  6 bog bodies
  A raiju (shapeshifter) (D:14)
  Sigmund (D:5)
  A vampire (D:14)
  2 shadows (Swamp:3)
  A wraith (D:13)
  12 spriggans
  62 yaks
  A fire bat (Volcano)
  10 basilisks
  18 hippogriffs
  A hog (Volcano)
  26 vampire mosquitoes
  2 hungry ghosts
  10 wargs
  31 swamp worms
  75 nagas
  23 wolves
  16 soldier ants
  2 hell hounds
  4 insubstantial wisps (Swamp:1)
  15 water moccasins
  12 porcupines
  2 sky beasts
  2 slaves (D:6)
  25 orc warriors
  15 swamp drakes
  2 black bears (D:10)
  4 ice beasts
  13 wasps
  2 eyes of draining
  An eye of draining (shapeshifter) (D:13)
  24 ogres
  3 phantoms
  A necrophage (D:14)
  27 centaurs
  22 crocodiles
  2 big kobolds (D:9)
  A wyvern zombie (D:13)
  10 giant frogs
  A gnoll sergeant (Orc:2)
  3 wyvern skeletons
  6 scorpions
  A water moccasin skeleton (D:9)
  11 killer bees
  18 wights
  10 howler monkeys
  4 electric eels
  11 crimson imps
  2 giant frog zombies
  8 centaur zombies
  3 hounds
  17 orc priests
  10 iguanas
  15 jellies
  3 giant frog skeletons
  27 orc wizards
  46 worker ants
  30 sheep
  A hound zombie (D:6)
  2 hound skeletons
  A howler monkey zombie (D:10)
  22 gnolls
  35 river rats
  10 adders
  2 shadow imps
  4 oozes
  2 adder zombies
  5 adder skeletons
  3 worms (D:3)
  4 dart slugs
  4 giant geckos
  85 orcs
  3 giant cockroaches
  9 goblins
  4 hobgoblins
  11 jackals
  10 kobolds
  5 quokkas
  A ball python zombie (D:6)
  4 bats
  A giant gecko skeleton (D:8)
  8 rats
1386 creatures vanquished.

Vanquished Creatures (others)
  A naga sharpshooter (Snake:4)
  A spiny frog (Swamp:4)
  A blink frog (Swamp:4)
  A naga (Snake:3)
  A wasp (Swamp:4)
  2 centaurs (Volcano)
  A crimson imp (D:6)
  A quokka (D:5)
  3 briar patches (Swamp:3)
  33 fungi
  7 plants
52 creatures vanquished.

Grand Total: 1438 creatures vanquished

Notes
Turn   | Place    | Note
--------------------------------------------------------------
     0 | Abyss:1  | Gorice the Demonspawn Abyssal Knight began the quest for the Orb.
     0 | Abyss:1  | Reached XP level 1. HP: 18/18 MP: 2/2
    18 | D:1      | Escaped the Abyss
    63 | D:1      | Reached skill level 2 in Long Blades
    63 | D:1      | Reached skill level 1 in Dodging
   354 | D:1      | Gained mutation: You are partially covered in rough black scales (AC +4, Dex -1). [demonic ancestry]
   354 | D:1      | Reached XP level 2. HP: 21/24 MP: 3/3
   491 | D:1      | Reached ** piety under Lugonu
   573 | D:1      | Gained mutation: Your flesh is heat resistant. [demonic ancestry]
   573 | D:1      | Reached XP level 3. HP: 29/29 MP: 4/4
   623 | D:1      | Gained mutation: Your movements are slightly less encumbered by armour (ER -2). [potion of beneficial mutation]
   624 | D:1      | Gained mutation: Your system is resistant to poisons. [potion of beneficial mutation]
   880 | D:2      | Reached skill level 3 in Long Blades
   942 | D:2      | Reached XP level 4. HP: 35/35 MP: 5/5
  1557 | D:3      | Reached skill level 4 in Long Blades
  1856 | D:3      | Gained mutation: You are mostly covered in rough black scales (AC +7, Dex -2). [demonic ancestry]
  1856 | D:3      | Reached XP level 5. HP: 42/42 MP: 6/6
  2068 | D:3      | Reached *** piety under Lugonu
  2251 | D:4      | Reached skill level 4 in Fighting
  2487 | D:4      | Found Teats's General Store.
  2532 | D:4      | Bought a +0 pair of gloves for 54 gold pieces
  2754 | D:4      | Gained mutation: You are completely covered in rough black scales (AC +10, Dex -3). [demonic ancestry]
  2754 | D:4      | Reached XP level 6. HP: 48/48 MP: 7/7
  2764 | D:4      | Reached skill level 5 in Long Blades
  2764 | D:4      | Reached skill level 2 in Armour
  3233 | D:4      | Reached skill level 6 in Long Blades
  3233 | D:4      | Gained mutation: You regenerate a little health from kills. [demonic ancestry]
  3233 | D:4      | Reached XP level 7. HP: 41/54 MP: 8/8
  3634 | D:5      | Entered Level 5 of the Dungeon
  3644 | D:4      | Reached skill level 3 in Armour
  3800 | D:5      | Found a white marble altar of Elyvilon.
  3816 | D:5      | Reached skill level 7 in Long Blades
  3913 | D:5      | Reached XP level 8. HP: 47/60 MP: 9/9
  3941 | D:5      | Reached skill level 4 in Armour
  4050 | D:5      | Noticed Sigmund
  4060 | D:5      | Killed Sigmund
  4121 | D:5      | Reached skill level 8 in Long Blades
  4706 | D:6      | Noticed Feta's ghost (novice FoFi)
  4739 | D:6      | HP: 18/60 [Feta's ghost (11)]
  4754 | D:6      | Killed Feta's ghost
  4754 | D:6      | Reached skill level 9 in Long Blades
  4754 | D:6      | Reached skill level 5 in Armour
  4855 | D:5      | Reached **** piety under Lugonu
  4966 | D:6      | Noticed Pikel
  5096 | D:6      | Killed Pikel
  5096 | D:6      | Reached XP level 9. HP: 61/65 MP: 10/10
  5211 | D:6      | Found a deep blue altar of Sif Muna.
  5318 | D:6      | Reached skill level 6 in Armour
  5362 | D:6      | Reached skill level 10 in Long Blades
  5528 | D:6      | Found a shimmering altar of Xom.
  5529 | D:6      | Found a burning altar of Makhleb.
  5826 | D:7      | Found a sparkling altar of Nemelex Xobeh.
  5826 | D:7      | Found a shattered altar of Ashenzari.
  6353 | D:7      | Found Odelol's Armour Shoppe.
  6362 | D:7      | Bought a +2 pair of boots for 214 gold pieces
  6362 | D:7      | Bought a cursed +0 cloak for 19 gold pieces
  6613 | D:7      | Got a transparent silver ring
  6614 | D:7      | Identified the ring "Ishroasm" {Ice Int+8 Dex-3} (You found it on level 7 of the Dungeon)
  6697 | D:7      | Found an iron altar of Okawaru.
  7039 | D:8      | Reached skill level 11 in Long Blades
  7279 | D:8      | Reached XP level 10. HP: 66/72 MP: 11/11
  7284 | D:8      | Reached skill level 7 in Armour
  7535 | D:8      | Reached ***** piety under Lugonu
  7718 | D:9      | Identified the Volume of Mutagenic Feathers
  8003 | D:9      | Found a staircase to the Lair.
  8161 | D:10     | Entered Level 10 of the Dungeon
  8242 | D:10     | Noticed an orange demon
  8263 | D:9      | Noticed a sixfirhy
  8274 | D:9      | Reached skill level 12 in Long Blades
  8295 | D:9      | Reached skill level 8 in Armour
  8704 | D:9      | Found a snail-covered altar of Cheibriados.
  8984 | Lair:1   | Entered Level 1 of the Lair of Beasts
  9226 | Lair:1   | Noticed a spiny frog
  9272 | Lair:1   | HP: 20/72 [spiny frog (5)]
  9273 | Lair:1   | Killed a spiny frog
  9491 | Lair:1   | Reached XP level 11. HP: 71/77 MP: 12/12
  9653 | Lair:1   | HP: 15/77 [black mamba (10)]
  9655 | Lair:1   | HP: 4/115 [black mamba (5)]
 10182 | Lair:1   | Reached skill level 13 in Long Blades
 10742 | Lair:2   | Noticed a five-headed hydra
 10775 | Lair:1   | HP: 17/77 [five-headed hydra (8)]
 11316 | D:10     | Noticed Urug
 11336 | D:10     | Killed Urug
 11336 | D:10     | Reached skill level 9 in Armour
 12503 | Lair:2   | Noticed Gastronok
 12528 | Lair:2   | Killed Gastronok
 12528 | Lair:2   | Reached skill level 14 in Long Blades
 12777 | Lair:2   | Noticed Erica
 12795 | Lair:2   | Killed Erica
 12795 | Lair:2   | Reached skill level 10 in Armour
 12795 | Lair:2   | Reached XP level 12. HP: 73/85 MP: 13/13
 12805 | Lair:2   | Reached skill level 5 in Fighting
 12942 | Lair:2   | Reached ****** piety under Lugonu
 13533 | Lair:3   | Reached skill level 6 in Fighting
 14100 | Lair:3   | Noticed a six-headed hydra
 14110 | Lair:3   | Killed a one-headed hydra
 14177 | Lair:4   | Found a glowing golden altar of the Shining One.
 14292 | Lair:4   | Found a dark tunnel.
 14303 | Volcano  | Entered a volcano
 14329 | Volcano  | Reached skill level 7 in Fighting
 14364 | Volcano  | Reached skill level 11 in Armour
 15359 | Lair:4   | Reached skill level 8 in Fighting
 15625 | Lair:4   | Found a staircase to the Swamp.
 16071 | Lair:1   | Killed a one-headed hydra
 16490 | Lair:5   | Reached skill level 9 in Fighting
 16498 | Lair:5   | Gained mutation: You have sharp toenails. [demonic ancestry]
 16498 | Lair:5   | Reached XP level 13. HP: 95/101 MP: 14/14
 16637 | Lair:5   | Reached skill level 12 in Armour
 16884 | Lair:5   | Found a staircase to the Snake Pit.
 17747 | Lair:6   | Reached skill level 10 in Fighting
 17770 | Lair:6   | Identified the Tome of the Excruciating Arsonist
 18881 | Lair:7   | HP: 26/105 [elephant (11)]
 18886 | Lair:7   | HP: 29/105 [elephant (1)]
 18938 | Lair:7   | Reached skill level 11 in Fighting
 18961 | Lair:7   | Reached skill level 13 in Armour
 19293 | Lair:6   | HP: 28/106 [death yak (5)]
 19294 | Lair:6   | HP: 10/106 [death yak (6)]
 20874 | Lair:8   | Entered Level 8 of the Lair of Beasts
 20887 | Lair:7   | Gained mutation: You have razor-sharp toenails. [demonic ancestry]
 20887 | Lair:7   | Reached XP level 14. HP: 100/114 MP: 15/15
 21246 | Lair:8   | Reached skill level 12 in Fighting
 21906 | Lair:8   | Reached skill level 14 in Armour
 22072 | Lair:8   | Found a staircase to the Slime Pits.
 22567 | Lair:8   | Found a burning altar of Makhleb.
 22699 | Lair:8   | Reached skill level 13 in Fighting
 22918 | Lair:8   | Found a gateway to Hell.
 22944 | Lair:8   | Got a crystal morningstar
 23626 | D:11     | Found a staircase to the Orcish Mines.
 23877 | D:11     | Reached skill level 15 in Armour
 24257 | Orc:1    | Entered Level 1 of the Orcish Mines
 24316 | Orc:2    | Entered Level 2 of the Orcish Mines
 24316 | Orc:2    | Found a staircase to the Elven Halls.
 24657 | Orc:2    | HP: 33/118 [orc priest/divine providence (15)]
 24664 | Orc:2    | HP: 27/118 [warg[an orc high priest] (1)]
 25469 | Orc:1    | Noticed pedritolo's ghost (journeyman VSTm)
 25497 | Orc:1    | Killed pedritolo's ghost
 25542 | Orc:1    | Paralysed by an orc sorcerer for 2 turns
 26193 | Orc:2    | Gained mutation: You regenerate health from kills. [demonic ancestry]
 26193 | Orc:2    | Reached XP level 15. HP: 102/125 MP: 16/16
 26220 | Orc:2    | Reached skill level 16 in Armour
 26456 | Orc:2    | Found Moeny's Jewellery Boutique.
 26463 | Orc:2    | Found Lirchuxi's Distillery.
 26464 | Orc:2    | Found Adio's Assorted Antiques.
 26481 | Orc:2    | Paralysed by an orc sorcerer for 3 turns
 26545 | Orc:2    | Bought a potion of heal wounds for 65 gold pieces
 26545 | Orc:2    | Bought a potion of heal wounds for 65 gold pieces
 26744 | Orc:2    | Found Cupeem's Armour Shop.
 26768 | Orc:2    | Bought a +2 helmet of see invisible for 322 gold pieces
 26790 | Orc:2    | Bought the amulet of Vitality {Regen+ HP+15} for 518 gold pieces
 27002 | Orc:2    | Reached skill level 14 in Fighting
 27385 | Orc:2    | Bought a potion of haste for 130 gold pieces
 27633 | D:12     | Noticed Harold
 27681 | D:12     | Killed Harold
 27705 | D:12     | Noticed Maud
 27737 | D:12     | Killed Maud
 27772 | D:12     | Found a frozen archway.
 27818 | IceCv    | Entered an ice cave
 27838 | IceCv    | Reached skill level 17 in Armour
 28263 | IceCv    | Noticed a frost giant
 28286 | IceCv    | Killed a frost giant
 28708 | D:12     | Noticed Rupert
 28782 | D:12     | Killed Rupert
 28878 | D:12     | You fall through a shaft for 3 floors!
 28878 | D:15     | Entered Level 15 of the Dungeon
 29041 | D:15     | Reached skill level 18 in Armour
 29390 | D:13     | Reached skill level 2 in Dodging
 30408 | D:13     | Found an oddly glowing altar of Pakellas.
 30533 | D:12     | Reached skill level 15 in Long Blades
 30626 | D:12     | Reached skill level 3 in Dodging
 30650 | D:12     | Noticed Snorg
 30663 | D:12     | Killed Snorg
 31133 | D:14     | Found Diodayny's General Store.
 31155 | D:14     | Gained mutation: You have claws for feet. [demonic ancestry]
 31155 | D:14     | Reached XP level 16. HP: 134/134 MP: 17/17
 31343 | Lair:1   | Identified the +6 morningstar of Optimality {antimagic, rF- rC+++ Dex+3} (You found it on level 8 of the Lair of Beasts)
 31580 | D:14     | Identified a scroll of acquirement
 31804 | D:14     | Reached skill level 4 in Dodging
 32350 | D:15     | Found a staircase to the Depths.
 33015 | D:13     | Found a gate to the Vaults.
 33066 | D:13     | Reached skill level 5 in Dodging
 33460 | Swamp:1  | Entered Level 1 of the Swamp
 33497 | Swamp:1  | Reached skill level 16 in Long Blades
 33514 | Swamp:1  | Reached skill level 1 in Evocations
 33592 | Swamp:1  | Noticed a thorn hunter
 33603 | Swamp:1  | Noticed a thorn hunter
 33612 | Swamp:1  | Killed a thorn hunter
 33613 | Swamp:1  | HP: 30/149 [thorn hunter/volley of thorns (25)]
 33748 | Swamp:1  | Reached skill level 2 in Evocations
 33967 | Swamp:1  | HP: 40/149 [thorn hunter (15)]
 33973 | Swamp:1  | Killed a thorn hunter
 33973 | Swamp:1  | Reached skill level 6 in Dodging
 34733 | Swamp:2  | Reached skill level 3 in Evocations
 35625 | Swamp:3  | HP: 27/149 [white very ugly thing (53)]
 35632 | Swamp:3  | HP: 19/149 [white very ugly thing (16)]
 35632 | Swamp:3  | HP: 2/149 [white very ugly thing (17)]
 35828 | Swamp:2  | HP: 43/149 [swamp worm (14)]
 36166 | Snake:1  | Entered Level 1 of the Snake Pit
 36384 | Snake:1  | Noticed Frances
 36400 | Snake:1  | Killed Frances
 36400 | Snake:1  | Reached skill level 4 in Evocations
 36468 | Snake:1  | Reached skill level 7 in Dodging
 36602 | Snake:1  | HP: 36/149 [naga/war axe (13)]
 36607 | Snake:1  | HP: 35/149 [poisoned by a naga (splash of poison)]
 36609 | Snake:1  | HP: 17/149 [salamander/arrow (11)]
 36615 | Snake:1  | HP: 21/149 [poisoned by a naga (splash of poison)]
 36620 | Snake:1  | HP: 36/149 [poisoned by a naga (splash of poison)]
 36842 | Snake:1  | Reached XP level 17. HP: 140/140 MP: 20/20
 37039 | Snake:1  | Noticed Roxanne
 37772 | Snake:2  | Reached skill level 17 in Long Blades
 37861 | Snake:2  | Reached skill level 5 in Evocations
 38379 | Snake:2  | Found a stormy altar of Qazlal.
 38565 | Snake:2  | Reached skill level 8 in Dodging
 38958 | Snake:3  | Reached skill level 6 in Evocations
 39099 | Snake:3  | Got a transparent hand crossbow
 39100 | Snake:3  | Identified the +3 hand crossbow "Giant's Demise" {elec, +Blink rC+} (You found it on level 3 of the Snake Pit)
 39672 | Snake:3  | HP: 46/155 [naga/halberd of venom (2)]
 39677 | Snake:3  | HP: 31/155 [poisoned by a naga]
 39682 | Snake:3  | HP: 22/155 [poisoned by a naga]
 39687 | Snake:3  | HP: 19/155 [poisoned by a naga]
 39692 | Snake:3  | HP: 18/155 [poisoned by a naga]
 39697 | Snake:3  | HP: 16/155 [poisoned by a naga]
 39703 | Snake:3  | HP: 15/155 [poisoned by a naga]
 39708 | Snake:3  | HP: 16/155 [poisoned by a naga]
 39713 | Snake:3  | HP: 18/155 [poisoned by a naga]
 39720 | Snake:3  | HP: 21/155 [poisoned by a naga]
 39728 | Snake:3  | HP: 25/155 [poisoned by a naga]
 40768 | Swamp:3  | Reached skill level 9 in Dodging
 40817 | Swamp:3  | Reached skill level 7 in Evocations
 41093 | Swamp:3  | Noticed Aizul
 41122 | Swamp:3  | HP: 61/232 [Aizul (11)]
 41129 | Swamp:3  | HP: 37/232 [Aizul (22)]
 41132 | Swamp:3  | Killed Aizul
 41216 | Swamp:3  | HP: 39/155 [thorn hunter/volley of thorns (16)]
 41389 | Swamp:3  | Reached skill level 18 in Long Blades
 41867 | Swamp:4  | Entered Level 4 of the Swamp
 41891 | Swamp:4  | Reached XP level 18. HP: 147/147 MP: 23/23
 41953 | Swamp:4  | Reached skill level 8 in Evocations
 42370 | Swamp:4  | HP: 47/162 [spriggan druid/angry trees (12)]
 42373 | Swamp:4  | HP: 22/162 [spatial distortion (4)]
 42389 | Swamp:3  | Reached skill level 10 in Dodging
 42676 | Swamp:4  | Got a decaying rune of Zot
 43732 | Snake:4  | Entered Level 4 of the Snake Pit
 43826 | Snake:4  | Reached skill level 9 in Evocations
 44537 | Snake:4  | Reached skill level 15 in Fighting
 44739 | Snake:4  | Reached skill level 3 in Invocations
 44928 | Snake:4  | Reached skill level 4 in Invocations
 45157 | Snake:4  | Upgraded the game from 0.18-a0-1514-g6ed9364 to 0.18-a0-1521-g59d19af
 45167 | Snake:4  | Reached skill level 11 in Dodging
 45284 | Snake:4  | Reached skill level 10 in Evocations
 45304 | Snake:4  | Reached skill level 5 in Invocations
 45308 | Snake:4  | HP: 46/164 [naga warrior/glaive of pain (12)]
 45809 | Snake:4  | Got a serpentine rune of Zot
 45891 | Snake:3  | Reached skill level 6 in Invocations
 46219 | Vaults:1 | Entered Level 1 of the Vaults
 46296 | D:13     | HP: 3/164 [deep elf annihilator/crystal spear[an ironheart preserver] (50)]
 46301 | D:13     | HP: 8/164 [deep elf sorcerer/bolt of acid[an ironheart preserver] (10)]
 46301 | D:13     | Splashed by a deep elf sorcerer's acid

Vault maps used:
D:1:      elethiomel_arrival_quiet
D:2:      hex_medium, minmay_misc_feat_roman, grunt_ministairs_4
D:4:      minmay_temple_entry_oklob, serial_shops, nicolae_shop_crystal,
          first_bread
D:5:      elyvilon_altar_4, kennysheep_small_spiral, uniq_sigmund
D:6:      grunt_temple_overflow_champion_of_chaos, led_sif_pool, uniq_pikel
D:7:      okawaru_altar_gauntlet_db, gammafunk_temple_overflow_wave,
          serial_shops, shop
D:9:      cheibriados_altar_wand_db, erik_lair_orcish_takeover, the_bakery
D:10:     uniq_urug
D:11:     erik_orc_1, hangedman_decor_peaks_small
D:12:     portal_ice_cave_entry_ice_statue_01, uniq_harold, uniq_maud,
          uniq_rupert, uniq_snorg
D:13:     lightli_vaults_fourway_checkpoint, johnstein_pakellas_dig
D:14:     serial_shops, kennysheep_mini_moat, hangedman_decor_lopped,
          small_statue_intersection
D:15:     grunt_enter_depths_hoard, roderic_lattice_a, grunt_ministairs_9
Lair:1:   small_statue_intersection, st_stairs_13
Lair:2:   minmay_hedge_maze, grunt_megastairs_4, lemuel_fruit_fields,
          lemuel_fruit_tree, uniq_erica, uniq_gastronok
Lair:4:   nicolae_swamp_entry_splash_gauntlet, basic_altar,
          nicolae_volcano_entry_two_sided, minivault_11, lemuel_fruit_fields,
          serial_bayou_shore_a
Lair:5:   guppyfry_snake_entry_island
Lair:6:   fungi_pond_lemuel, zaba_anthell
Lair:8:   evil_forest, minmay_slime_entry_jelly_boxes,
          kennysheep_basilisk_garden
Swamp:1:  evilmike_swamp_ruin_rubble_1, swamp_pool4,
          nicolae_swamp_feature_on_the_river_bank, infiniplex_staircase_pool_2
Swamp:2:  evilmike_swamp_ruin_house_3
Swamp:3:  nicolae_swamp_very_dense_foliage, swamp_pool4, uniq_aizul
Swamp:4:  swamp_alternative, swamp_pool4
Snake:1:  serial_bayou, serial_bayou_pond_d, serial_bayou_ford_a,
          serial_bayou_pond_d, serial_bayou_crossing, grunt_ministairs_4,
          uniq_frances, uniq_roxanne
Snake:2:  basic_altar, nicolae_snake_double_loop
Snake:4:  minmay_snake_end_coiled
Orc:2:    st_orc_open
Vaults:1: vaults_room_guarded_vault, nicolae_vaults_gold_heap,
          hangedman_vaults_hat, v_misc_9, v_misc_31, ontoclasm_vaults_chip,
          serial_shops, shop_fountains
IceCv:    ice_cave_small_giant
Volcano:  volcano_village

Skill      XL: |  1  2  3  4  5  6  7  8  9 10 11 12 13 14 15 16 17 18 |
---------------+-------------------------------------------------------+-----
Long Blades    | 2 3 4 6 7 9 11 12 14 15 16 18 | 18.0
Dodging        | 1 3 7 9 11 | 11.4
Fighting       | 4 9 11 13 14 15 | 15.0
Armour         | 2 3 5 6 8 10 11 13 15 18 | 18.0
Evocations     | 4 7 10 | 10.0
Invocations    | 6 |  6.7

Action                   |  1- 3 |  4- 6 |  7- 9 | 10-12 | 13-15 | 16-18 || total
-------------------------+-------+-------+-------+-------+-------+-------++-------
Melee: Falchion          |    99 |   255 |   566 |       |       |       ||   920
       Long sword        |       |       |    28 |   499 |       |       ||   527
       Scimitar          |       |       |       |   844 |  2558 |   154 ||  3556
       Great sword       |       |       |       |       |   510 |  2383 ||  2893
 Fire: Arbalest          |       |    19 |    30 |     5 |       |       ||    54
       Blowgun           |       |       |    19 |    52 |    30 |       ||   101
       Hand crossbow     |       |       |       |       |       |   260 ||   260
Throw: Stone             |     3 |       |     2 |       |       |       ||     5
       Throwing net      |       |       |     2 |     1 |       |       ||     3
       Tomahawk          |       |       |       |    42 |    43 |     1 ||    86
Invok: Banish            |       |     1 |     1 |     2 |       |     1 ||     5
       Bend Space        |       |       |       |       |       |     1 ||     1
 Abil: Evoke Flight      |       |       |       |       |       |     4 ||     4
       Evoke Blink       |       |       |       |       |       |     1 ||     1
Evoke: Wand              |       |       |       |     7 |     3 |     1 ||    11
  Use: Scroll            |     4 |     4 |     8 |    14 |     8 |    19 ||    57
       Potion            |     2 |       |     2 |     5 |    10 |     9 ||    28
 Stab: Sleeping          |     1 |       |       |       |       |       ||     1
       Held in net/web   |       |       |       |     7 |       |       ||     7
       Confused          |       |       |       |       |     2 |     1 ||     3
       Invisible         |       |       |       |       |     4 |       ||     4
  Eat: Chunk             |       |     8 |    14 |    30 |    48 |    32 ||   132
       Pizza             |       |       |       |     2 |     1 |     2 ||     5
       Bread ration      |       |       |       |       |     1 |       ||     1
       Meat ration       |       |       |       |       |       |     4 ||     4
       Fruit             |       |       |       |       |       |     1 ||     1

Table legend:
 A = Turns spent in this place as a percentage of turns spent in the entire game.
 B = Non-inter-level travel turns spent in this place as a percentage of non-inter-level travel turns spent in the entire game.
 C = Inter-level travel turns spent in this place as a percentage of turns spent in this place.
 D = Turns resting spent in this place as a percentage of non-inter-level travel turns spent in this place.
 E = Turns spent auto-exploring this place as a percentage of non-inter-level travel turns spent in this place.
 F = Non-inter-level travel turns spent in this place divided by the number of levels of this place that you've seen.
                   A       B       C       D       E      F
               +-------+-------+-------+-------+-------+----------------------
         Total | 100.0 | 100.0 |   0.5 |   1.5 |   3.5 | 584.5
       Dungeon |  32.0 |  32.0 |   0.4 |   1.3 |   4.8 | 461.9
          Lair |  27.7 |  27.6 |   0.7 |   1.1 |   3.3 | 746.4
         Swamp |  11.0 |  10.9 |   0.8 |   1.8 |   4.2 | 591.8
     Snake Pit |  18.7 |  18.8 |   0.3 |   2.7 |   2.4 | 1015.8
  Orcish Mines |   7.8 |   7.8 |   0.4 |   1.5 |   1.7 | 844.0
        Vaults |   0.1 |   0.1 |   0.0 |   0.0 |   0.0 |  13.0
         Abyss |   0.1 |   0.1 |   0.0 |   0.0 |   0.0 |  17.0
      Ice Cave |   1.9 |   1.9 |   0.0 |   0.0 |   1.4 | 420.0
       Volcano |   0.7 |   0.7 |   0.0 |   0.0 |   0.0 | 161.0
               +-------+-------+-------+-------+-------+----------------------

Vault maps used:
D:1:      elethiomel_arrival_quiet
D:2:      hex_medium, minmay_misc_feat_roman, grunt_ministairs_4
D:4:      minmay_temple_entry_oklob, serial_shops, nicolae_shop_crystal,
          first_bread
D:5:      elyvilon_altar_4, kennysheep_small_spiral, uniq_sigmund
D:6:      grunt_temple_overflow_champion_of_chaos, led_sif_pool, uniq_pikel
D:7:      okawaru_altar_gauntlet_db, gammafunk_temple_overflow_wave,
          serial_shops, shop
D:9:      cheibriados_altar_wand_db, erik_lair_orcish_takeover, the_bakery
D:10:     uniq_urug
D:11:     erik_orc_1, hangedman_decor_peaks_small
D:12:     portal_ice_cave_entry_ice_statue_01, uniq_harold, uniq_maud,
          uniq_rupert, uniq_snorg
D:13:     lightli_vaults_fourway_checkpoint, johnstein_pakellas_dig
D:14:     serial_shops, kennysheep_mini_moat, hangedman_decor_lopped,
          small_statue_intersection
D:15:     grunt_enter_depths_hoard, roderic_lattice_a, grunt_ministairs_9
Lair:1:   small_statue_intersection, st_stairs_13
Lair:2:   minmay_hedge_maze, grunt_megastairs_4, lemuel_fruit_fields,
          lemuel_fruit_tree, uniq_erica, uniq_gastronok
Lair:4:   nicolae_swamp_entry_splash_gauntlet, basic_altar,
          nicolae_volcano_entry_two_sided, minivault_11, lemuel_fruit_fields,
          serial_bayou_shore_a
Lair:5:   guppyfry_snake_entry_island
Lair:6:   fungi_pond_lemuel, zaba_anthell
Lair:8:   evil_forest, minmay_slime_entry_jelly_boxes,
          kennysheep_basilisk_garden
Swamp:1:  evilmike_swamp_ruin_rubble_1, swamp_pool4,
          nicolae_swamp_feature_on_the_river_bank, infiniplex_staircase_pool_2
Swamp:2:  evilmike_swamp_ruin_house_3
Swamp:3:  nicolae_swamp_very_dense_foliage, swamp_pool4, uniq_aizul
Swamp:4:  swamp_alternative, swamp_pool4
Snake:1:  serial_bayou, serial_bayou_pond_d, serial_bayou_ford_a,
          serial_bayou_pond_d, serial_bayou_crossing, grunt_ministairs_4,
          uniq_frances, uniq_roxanne
Snake:2:  basic_altar, nicolae_snake_double_loop
Snake:4:  minmay_snake_end_coiled
Orc:2:    st_orc_open
Vaults:1: vaults_room_guarded_vault, nicolae_vaults_gold_heap,
          hangedman_vaults_hat, v_misc_9, v_misc_31, ontoclasm_vaults_chip,
          serial_shops, shop_fountains
IceCv:    ice_cave_small_giant
Volcano:  volcano_village
